 Dungeon Crawl Stone Soup version 0.31.0-11-ge490571c62 (webtiles) character file.

Game seed: 11675105022091267494

623 oldriver the Toxicologist (level 7, -4/54 HPs)
             Began as a Formicid Alchemist on Feb 3, 2024.
             Was an Initiate of Hepliaklqana.
             Slain by a gnoll sergeant
             ... wielding a +1 trident of flaming
              (8 damage)
             ... on level 4 of the Dungeon.
             The game lasted 00:05:54 (5068 turns).

oldriver the Toxicologist (Formicid Alchemist)      Turns: 5068, Time: 00:05:55

Health: -4/54      AC:  2    Str: 12    XL:     7   Next: 75%
Magic:  3/11       EV: 12    Int: 15    God:    Hepliaklqana [......]
Gold:   172        SH:  0    Dex: 16    Spells: 7/12 levels left

rFire   . . .        h - +4 dagger (venom)
rCold   . . .        (no shield)
rNeg    . . .        a - +0 robe
rPois   .            (helmet unavailable)
rElec   .            (no cloak)
rCorr   .            (no gloves)
SInv    +            (no boots)
Will    .....        (no amulet)
Stlth   ++           (no ring)
HPRegen 0.29/turn    (no ring)
MPRegen 0.12/turn

%: no passive effects
@: invisible
A: permanent stasis, dig shafts and tunnels, antennae 3, four strong arms
a: Dig, Shaft Self, Renounce Religion


You were on level 4 of the Dungeon.
You worshipped Hepliaklqana.
Hepliaklqana was noncommittal.
You visited 2 branches of the dungeon, and saw 6 of its levels.

You collected 172 gold pieces.

Inventory:

Hand Weapons
 h - a +4 dagger of venom (weapon)
Missiles
 j - 3 poisoned darts
Armour
 a - a +0 robe (worn)
Jewellery
 m - a ring of positive energy
Scrolls
 c - 3 scrolls of identify
 d - a scroll of brand weapon {unknown}
 e - a scroll of noise {unknown}
 f - a scroll of fear {unknown}
 i - a scroll of amnesia {unknown}
 n - a scroll of enchant weapon {unknown}
Potions
 b - a potion of magic
 l - a potion of might {unknown}


   Skills:
 + Level 4.0 Fighting
 + Level 2.5 Dodging
 + Level 3.5 Stealth
 - Level 3.0 Spellcasting
 - Level 0.8 Conjurations
 * Level 8.6 Alchemy


You had 7 spell levels left.
You knew the following spells:

 Your Spells              Type           Power      Damage    Failure   Level
a - Sting                 Conj/Alch      64%        1d7       3%          1
o - Olgreb's Toxic Radia  Alch           28%        N/A       6%          4

Your spell library contained the following spells:

 Spells                   Type           Power      Damage    Failure   Level
 Mercury Vapours          Alch/Air       30%        N/A       5%          2
 Mephitic Cloud           Conj/Alch/Air  11%        N/A       17%         3
 Sandblast                Erth           4%         2d4       21%         1
 Sticky Flame             Fire/Alch      15%        2d5       34%         4
 Stone Arrow              Conj/Erth      6%         3d7       45%         3
 Passwall                 Erth           2%         N/A       52%         3
 Brom's Barrelling Bould  Conj/Erth      3%         2d3       86%         4
 Chain Lightning          Conj/Air       1%         3d2       100%        9
 Fire Storm               Conj/Fire      1%         8d1       100%        9
 Shatter                  Erth           1%         3d5*      100%        9


Dungeon Overview and Level Annotations

Branches:
Dungeon (5/15)             Temple (1/1) D:4

Altars:
Ashenzari
Cheibriados
Dithmenos
Gozag
Hepliaklqana
Makhleb
Nemelex Xobeh
Okawaru
Qazlal
Sif Muna
Trog
Uskayaw
Vehumet
Wu Jian
Yredelemnul


Innate Abilities, Weirdness & Mutations

You cannot be hasted, slowed, berserked, paralysed or teleported.
You can dig through walls and to a lower floor.
You have a pair of large antennae on your head. (SInv)
Your four strong arms can wield two-handed weapons with a shield.


Message History

The gnoll sergeant is lightly wounded.
The sting hits the gnoll sergeant.
The gnoll sergeant looks even sicker.
The gnoll sergeant is lightly wounded.
The gnoll shouts! x2
The gnoll sergeant barely misses you.
The sting hits the gnoll sergeant but does no damage.
The gnoll sergeant looks even sicker.
The gnoll sergeant is lightly wounded.
The gnoll sergeant barely misses you.
The gnoll sergeant blocks the sting.
The gnoll sergeant hits you from afar with a +1 trident of flaming!
The gnoll sergeant burns you.
The gnoll sergeant attacks as it pursues you!
The gnoll sergeant hits you from afar with a +1 trident of flaming!
The gnoll sergeant burns you.
The sting misses the gnoll sergeant.
The sting hits the gnoll but does no damage.
The gnoll is poisoned.
The gnoll sergeant hits you from afar with a +1 trident of flaming!
The gnoll sergeant burns you.
* * * LOW HITPOINT WARNING * * *
You are too injured to fight recklessly!
You aren't carrying any items that you can evoke.
As you read the scroll labelled IPUFUCWONG, it crumbles to dust.
It is a scroll of identify.
k - a scroll of fog The gnoll sergeant hits you from afar with a +1 trident of flaming.
* * * LOW HITPOINT WARNING * * *
The gnoll sergeant burns you.
* * * LOW HITPOINT WARNING * * *
Unknown command.
As you read the scroll of fog, it dissolves into smoke.
The gnoll sergeant misses you.
Your magical contamination has completely faded away.
It was a potion of invisibility.
You fade into invisibility!
The gnoll hits you with a +0 flail.
* * * LOW HITPOINT WARNING * * *
The gnoll sergeant hits you from afar with a +1 trident of flaming!
You die...

##...........{....##..........
#..........###{...............
##...##.....##.{.......###.....
#...........##..#......###.....
#...........##§§#........#.....
##..........#§§§§..............
##...#......§gg§§§....####.....
#...........§§g§§§....#.##.....
###..<......##@.§§..#..........
#........###...#..#..###.....
##............###...#####....
###.............###..###.##...
##...>..##..#......#...........
#....)..##.####..####.##.......
##..........# #..# #.....##.#..
###....##..# #### ##....#####.
#......### #.....# #..


You could see a gnoll sergeant (unable to see you, poisoned) and 2 gnolls.

Vanquished Creatures
  An orc warrior (D:4)
  A black bear (D:4)
  A bombardier beetle (D:3)
  3 hounds (D:3)
  An iguana (D:5)
  Terence (D:2)
  2 orc wizards
  5 adders
  5 gnolls (D:3)
  2 dart slugs
  20 orcs
  3 bats
  8 endoplasms
  3 giant cockroaches
  3 goblins
  3 hobgoblins
  11 jackals (D:3)
  4 kobolds
  2 quokkas
  5 ball pythons
  4 frilled lizards
  7 rats
95 creatures vanquished.

Notes
Turn   | Place    | Note
-------+----------+-------------------------------------------
     0 | D:1      | oldriver the Formicid Alchemist began the quest for the
                  | Orb.
     0 | D:1      | Reached XP level 1. HP: 13/13 MP: 3/3
   239 | D:1      | Reached XP level 2. HP: 20/20 MP: 1/5
   391 | D:1      | Found a faded altar of an unknown god.
   754 | D:1      | Reached skill level 1 in Fighting
  1105 | D:2      | Reached XP level 3. HP: 17/26 MP: 2/6
  1236 | D:2      | Reached skill level 5 in Alchemy
  1451 | D:2      | Noticed Terence
  1464 | D:2      | Killed Terence
  1465 | D:2      | Reached XP level 4. HP: 27/33 MP: 1/8
  2340 | D:3      | Reached skill level 6 in Alchemy
  2340 | D:3      | Reached XP level 5. HP: 38/38 MP: 5/9
  3256 | D:3      | Reached XP level 6. HP: 46/46 MP: 4/10
  3321 | D:3      | Identified the +4 sling "Inwuzal" {heavy, Str+4}
  3326 | D:3      | Reached skill level 7 in Alchemy
  3369 | D:3      | Learned a level 4 spell: Olgreb's Toxic Radiance
  3906 | D:4      | Noticed a black bear
  3940 | D:4      | Killed a black bear
  3941 | D:4      | Reached skill level 8 in Alchemy
  3941 | D:4      | Reached XP level 7. HP: 31/52 MP: 3/11
  4282 | D:4      | Found a staircase to the Ecumenical Temple.
  4457 | Temple   | Entered the Ecumenical Temple
  4465 | Temple   | Became a worshipper of Hepliaklqana the Forgotten
  4940 | D:5      | Entered Level 5 of the Dungeon
  5068 | D:4      | Slain by a gnoll sergeant

Illustrated notes

Levels and vault maps discovered:
D:1:      hellmonk_arrival_library, layout_basic, shapermc_ecumenical_altar_gd,
          dreamdust_wishing_well
D:2:      layout_loops_ring, chequers_serial_rivers_micro_a, uniq_terence
D:3:      lemuel_castle_with_subvaults [lemuel_castle_interior_carwin_2],
          layout_loops_corners, corexii_item_surrounded_by_moat
D:4:      layout_cave_pools, minmay_temple_entry_nine_rooms, lightli_minifort
D:5:      layout_basic, amcnicky_altar_gilded
Temple:   nicolae_temple_no_exploring_needed

Skill      XL: |  1  2  3  4  5  6  7 |
---------------+----------------------+-----
Fighting       | 1 2 3 4 |  4.0
Alchemy        | 5 6 8 |  8.6
Spellcasting   | 3 |  3.0
Dodging        | 2 |  2.5
Stealth        | 3 |  3.5
Conjurations   | |  0.8

Action                     |  1- 3 |  4- 6 |  7- 9 || total
---------------------------+-------+-------+-------++-------
  Melee: Unarmed           |     5 |       |       ||     5
         Dagger            |     8 |     6 |     7 ||    21
   Cast: Sting             |    49 |   116 |    41 ||   206
         Olgreb's Toxic Ra |       |       |     2 ||     2
    Use: Scroll            |       |       |     2 ||     2
         Potion            |       |       |     1 ||     1
   Stab: Sleeping          |       |     1 |       ||     1
 Armour: Robe              |    13 |    22 |    15 ||    50
  Dodge: Dodged            |     8 |    33 |    13 ||    54
